[Event "Torneo Nuevo Centro. Jornada 8"]
[Site "Chess.com"]
[Date "2020.08.07"]
[Round "7"]
[White "Rodriguez Rodriguez, Joan David "]
[Black "Blanco Solaz, Ramón"]
[Result "0-1"]
[WhiteElo "1714"]
[BlackElo "1952"]
[TimeControl "180+2"]
[EndTime "11:44:55 PDT"]
[Termination "Victoria de Rbs77 por abandono"]

1. d4 c5 2. d5 e6 3. c4 exd5 4. cxd5 d6 5. Nc3 a6 6. a4 Nf6 7. e4 g6 8. Bd3 Bg7 9. h3 O-O 10. f4 Re8 11. Nf3 Qc7 12. O-O Nbd7 13. Re1 c4 14.
Bc2 Nc5 15. e5 dxe5 16. fxe5 Nfd7 17. Bf4 Qb6 18. d6 Nd3+ 19. Kh2 Nxf4 20. g3 Qf2+ 0

[Event "Torneo Nuevo Centro. Jornada 8"]
[Site "Chess.com"]
[Date "2020.08.07"]
[Round "7"]
[White "Fente Fernandez, Jose Ignacio"]
[Black "Conon, Catalin"]
[Result "0-1"]
[WhiteElo "1460"]
[BlackElo "1915"]
[TimeControl "180+2"]
[EndTime "11:45:40 PDT"]
[Termination "Victoria de CatalinConon por abandono"]

1. e4 c5 2. Nf3 Nc6 3. d4 cxd4 4. Nxd4 e5 5. Nb5 a6 6. Nd6+ Bxd6 7. Qxd6 Qf6 8. Qd3 Qg6 9. Nc3 Nb4 10. Qe2 Nf6 11.
a3 Nc6 12. f3 d5 13. exd5 Ne7 14. Qxe5 O-O 15. Bd3 Qxg2 16. Rf1 Ng6 17. Qd4 Re8+ 18. Be3 Nh4 19. O-O-O Nxf3 20. Qf4 Bg4 21. d6 Nh5 22.
Qg3 0

[Event "Torneo Nuevo Centro. Jornada 8"]
[Site "Chess.com"]
[Date "2020.08.07"]
[Round "7"]
[White "Bendayán Claros, Aaron"]
[Black "Pedros Viudes, Santiago"]
[Result "0-1"]
[WhiteElo "2019"]
[BlackElo "1921"]
[TimeControl "180+2"]
[EndTime "11:47:14 PDT"]
[Termination "Victoria de ElGatoKamsky por jaque mate"]

1. d4 Nf6 2. Bg5 d5 3. e3 c5 4. c3 Qb6 5. Qb3 c4 6. Qxb6 axb6 7. Nd2 b5 8. a3 Bf5 9. Ngf3 h6 10.
Bf4 Nbd7 11. h3 Nb6 12. g4 Bh7 13. Kd1 Na4 14. Kc1 e6 15. Be2 Ne4 16. Rf1 Nexc3 17.
bxc3 Nxc3 18. Re1 Rxa3 19. Rxa3 Bxa3# 0

[Event "Torneo Nuevo Centro. Jornada 8"]
[Site "Chess.com"]
[Date "2020.08.07"]
[Round "7"]
[White "Ainsa Jimenez, Lucas"]
[Black "Casado Andreu, David"]
[Result "0-1"]
[WhiteElo "1069"]
[BlackElo "1755"]
[TimeControl "180+2"]
[EndTime "11:47:16 PDT"]
[Termination "Victoria de dave6635 por tiempo"]

1. e4 e5 2. Nf3 Nc6 3. Bc4 Nf6 4. Ng5 d5 5. Nxf7 Kxf7 6. exd5 Na5 7. d3 Nxc4 8. dxc4 Bc5 9. O-O Rf8 10. Nc3 Kg8 11.
Na4 Bb6 12. Nxb6 cxb6 13. Re1 Bg4 14. f3 Bd7 15. Rxe5 Re8 16. Rxe8+ Qxe8 17. b3 Qg6 18. Qe1 Re8 19. Qg3 Qxc2 20. Bh6 Qg6 21. Bf4 Nh5 22. Qh4 Nxf4 23. Qxf4 h6 24. Qc7 Bh3 0

[Event "Torneo Nuevo Centro. Jornada 8"]
[Site "Chess.com"]
[Date "2020.08.07"]
[Round "7"]
[White "Conejero Martínez, Víctor"]
[Black "Perrot, Fabien "]
[Result "1-0"]
[WhiteElo "1372"]
[BlackElo "1015"]
[TimeControl "180+2"]
[EndTime "11:49:02 PDT"]
[Termination "Victoria de Camelocota20 por tiempo"]

1. d4 d5 2. c4 c6 3. Nc3 Nf6 4.
Nf3 Bg4 5. Bg5 e6 6. h3 Bh5 7. g4 Bg6 8. Ne5 Nbd7 9. Nxg6 hxg6 10. e3 Be7 11. Qc2 Nxg4 12. Bxe7 Qxe7 13. O-O-O Qf6 14.
Bd3 Nxf2 15. Rhf1 Nxd3+ 16. Qxd3 Qe7 17. e4 dxc4 18. Qxc4 Rxh3 19. Rh1 Rxh1 20. Rxh1 O-O-O 21. Nb5 Qg5+ 22. Kb1 Qxb5 23. Qc3 Nb6 24. d5 exd5 25.
exd5 Nxd5 26. Qxg7 Rd7 27. Rh8+ Kc7 28. Qe5+ Kb6 29. Qd4+ Qc5 30. Qa4 Nc3+ 31. bxc3 Rd1+ 32. Qxd1 Qf5+ 33. Qc2 Qxc2+ 34. Kxc2 Kc5 35. Rh7 g5 36. Rxf7 Kd5 37. Rg7 Kc4 38. Rxg5 b5 39. Rg7 a5 40. Rg6 c5 41. Rg4+ Kd5 42. Rg5+ Kc4 43. Rg4+ Kd5 44. Kd3 b4 45. Rg5+ Kc6 46. cxb4 axb4 47. Kc4 Kb6 48.
Rxc5 Ka6 49. Kxb4 1

[Event "Torneo Nuevo Centro. Jornada 8"]
[Site "Chess.com"]
[Date "2020.08.07"]
[Round "7"]
[White "Pardo Ruiz, Carlos"]
[Black "Aymerich Rosell, Pablo"]
[Result "0-1"]
[WhiteElo "1685"]
[BlackElo "1958"]
[TimeControl "180+2"]
[EndTime "11:49:43 PDT"]
[Termination "Victoria de jasikevic por jaque mate"]

1. e4 c5 2. Nf3 Nc6 3. d4 cxd4 4.
Nxd4 Nf6 5. Nc3 e5 6. Ndb5 d6 7. Nd5 Nxd5 8. exd5 Ne7 9. c4 Ng6 10. Be2 Be7 11. O-O O-O 12. Kh1 f5 13. Nc3 Bg5 14. Bxg5 Qxg5 15. Qc1 Nf4 16. g3 Nh3 17. Qxg5 Nxg5 18.
f4 exf4 19. Rxf4 Nf7 20. b3 Ne5 21. Nb5 Rf6 22. Re1 a6 23. Nd4 Bd7 24. Bf1 g5 25.
Rf2 Raf8 26. Nf3 Ng4 27. Rfe2 f4 28. Re7 Bc8 29. gxf4 Rxf4 30. Nd2 Rf2 31. Rd1 Rxh2+ 32. Kg1 Rhf2 33. Bd3 Nh2 34. Bxh7+ Kh8 35. Bd3 Rxd2 36.
Rxd2 Nf3+ 37. Kg2 Nxd2 38. Rh7+ Kg8 39. Rh5 Nf3 40. Be4 Bg4 41. Rh1 Nh4+ 42. Kg3 Bf3 43. Bxf3 Nxf3 44. Rf1 Ne5 45. Re1 Rf3+ 46. Kg2 g4 47.
Re4 Rc3 48. Rf4 Kg7 49. Rf2 Kg6 50. Re2 Kg5 51. Rf2 Rf3 52. Re2 Kf4 53. Re1 Rg3+ 54. Kh2 Nf3+ 55. Kh1 Nxe1 56. b4 Nf3 57. c5 Rg1# 0

[Event "Torneo Nuevo Centro. Jornada 8"]
[Site "Chess.com"]
[Date "2020.08.07"]
[Round "7"]
[White "Bascuñana Sánchez, Pablo"]
[Black "Marques Montolio, Luis"]
[Result "1-0"]
[WhiteElo "1659"]
[BlackElo "1422"]
[TimeControl "180+2"]
[EndTime "11:49:44 PDT"]
[Termination "Victoria de Pabasan2010 por abandono"]

1. e4 c6 2. d4 d5 3. exd5 cxd5 4. Bd3 Nc6 5. c3 Nf6 6. h3 e6 7.
Nf3 Bd7 8. Bf4 a6 9. O-O Be7 10.
Nbd2 b5 11. Re1 Na5 12. Ne5 Nc4 13. Ndxc4 dxc4 14. Bc2 Nd5 15. Bg3 Qc8 16. Qf3 O-O 17. Re4 Bc6 18. Nxc6 Qxc6 19. Rg4 Rac8 20. Qe4 g6 21.
Qf3 Nf6 22. Qxc6 Rxc6 23. Rf4 Re8 24. Bh4 Nd5 25. Be4 g5 26. Bxd5 exd5 27. Rg4 f6 28.
Re1 Rc7 29. Bg3 Rd7 30. h4 h5 31. hxg5 hxg4 32. gxf6 Kf7 33. fxe7 Rdxe7 34. Be5 Kg6 35. Re3 Kf5 36. f3 gxf3 37. Rxf3+ Kg4 38. Kf2 Rh7 39. Rg3+ Kf5 40. Rf3+ Ke6 41. Rf6+ Kd7 42. Rxa6 Rh1 43. Rd6+ Ke7 44. Rxd5 Ra1 45. a3 Rf8+ 46. Kg3 Raf1 47.
Bd6+ Ke8 48. Bxf8 Kxf8 49. Rxb5 1

[Event "Torneo Nuevo Centro. Jornada 8"]
[Site "Chess.com"]
[Date "2020.08.07"]
[Round "7"]
[White "Bercaru, Vlad Ionut"]
[Black "Gukasov, Artem"]
[Result "1-0"]
[WhiteElo "1838"]
[BlackElo "1552"]
[TimeControl "180+2"]
[EndTime "11:50:05 PDT"]
[Termination "Victoria de Rata29 por tiempo"]

1. d4 Nf6 2. Bg5 g6 3. Bxf6 exf6 4. c4 Bg7 5. Nc3 O-O 6. e3 f5 7.
Nge2 c6 8. g3 d5 9. cxd5 cxd5 10.
Bg2 Be6 11. Nf4 Na6 12. Nfxd5 Rb8 13. O-O Nc7 14. Nxc7 Qxc7 15. Rc1 Qb6 16. b3 Rbc8 17. Na4 Qa6 18. Rxc8 Rxc8 19. Nc5 Qxa2 20. Bxb7 Rc7 21. Nxe6 fxe6 22. Bg2 Rd7 23. Qd3 Qa5 24. Qc4 Qb6 25.
Rc1 Rd6 26. Qc8+ Kf7 27. Qc7+ Kf6 28. Qc3 g5 29. b4 Kg6 30. Qc5 Bf8 31. Ra1 Qxc5 32.
bxc5 Rd7 33. Ra6 Kf6 34. c6 Rc7 35. Kf1 h5 36. Ke2 Bd6 37. h3 g4 38. h4 e5 39. dxe5+ Kxe5 40. Kd3 Bc5 41. Bf1 Bb6 42. Bg2 1

[Event "Torneo Nuevo Centro. Jornada 8"]
[Site "Chess.com"]
[Date "2020.08.07"]
[Round "7"]
[White "Luque Saiz, Andrés"]
[Black "Montesinos Diaz, Luis"]
[Result "1-0"]
[WhiteElo "2031"]
[BlackElo "1870"]
[TimeControl "180+2"]
[EndTime "11:50:10 PDT"]
[Termination "Victoria de Chuch1n por abandono"]

1. d4 d5 2. c4 dxc4 3. Nc3 a6 4. a4 Nc6 5. e3 Na5 6. Nf3 Nf6 7. Ne5 Be6 8. Ra2 Nd5 9. e4 Nxc3 10. bxc3 c6 11. Ba3 g6 12. Nf3 Bg7 13. Ng5 Bd7 14. h4 h6 15. Nf3 O-O 16. Be2 Re8 17. e5 Bf5 18. Nd2 h5 19. O-O b5 20. g3 Nb7 21.
Bf3 Qd7 22. Ne4 Red8 23. Nc5 Nxc5 24. Bxc5 Bg4 25. Bxg4 Qxg4 26. Qxg4 hxg4 27. Bxe7 Rd7 28. Bc5 Bf8 29. Bxf8 Kxf8 30. axb5 cxb5 31. Rfa1 Rda7 32.
Ra5 Ke7 33. Kf1 Ke6 34. Ke2 Kd5 35. Ke3 Ke6 36. Ke4 f5+ 37. exf6 Kxf6 38. Kf4 Ke6 39. Kxg4 Kd5 40. f3 Kc6 41. Kg5 Kb6 42. R5a2 Rf8 43. f4 Rg8 44. Re1 Rc8 45. Re6+ Rc6 46.
d5 Rxe6 47. dxe6 b4 48. cxb4 a5 49. bxa5+ Rxa5+ 50. Rxa5 Kxa5 51. e7 c3 52. e8=Q 1

[Event "Torneo Nuevo Centro. Jornada 8"]
[Site "Chess.com"]
[Date "2020.08.07"]
[Round "7"]
[White "Gimenez Saiz, Jose Raul"]
[Black "Yuste Valenzuela, Alejandro"]
[Result "1-0"]
[WhiteElo "1747"]
[BlackElo "1862"]
[TimeControl "180+2"]
[EndTime "11:51:24 PDT"]
[Termination "Victoria de rango013 por abandono"]

1. d4 Nf6 2. e3 g6 3. Bd3 Bg7 4. f4 O-O 5. Nf3 d6 6. O-O c5 7.
c3 Nc6 8. Nbd2 a6 9. e4 cxd4 10. cxd4 Qb6 11. Nc4 Qa7 12. Be3 Ng4 13. Qd2 Nxe3 14.
Nxe3 Nxd4 15. Kh1 Nxf3 16. Rxf3 b5 17. Rc1 Bb7 18. Rc7 Qb6 19. Rxe7 Rfe8 20. Rxe8+ Rxe8 21. Nd5 Bxd5 22. exd5 Qd4 23. h3 Qxb2 24. Qxb2 Bxb2 25. g3 Bd4 26. Kg2 Kg7 27. g4 Re1 28. Rf1 Re3 29.
Rf3 Re7 30. h4 Rc7 31. f5 Rc5 32. fxg6 hxg6 33. h5 Rxd5 34. hxg6 fxg6 35. a4 bxa4 36. Bxa6 Ra5 37. Bc4 a3 38. Ba2 Bc5 39. Kh3 Ra7 40. g5 Re7 41. Bc4 Be3 42. Kg2 Bxg5 43. Rxa3 Bf6 44.
Ra6 Be5 45. Kf3 Kf6 46. Bd5 Rc7 47. Rc6 Ra7 48. Rc8 Ra3+ 49. Ke2 Kg5 50. Rg8 Kf5 51.
Rf8+ Kg4 52. Rg8 g5 53. Ra8 Kg3 54. Rxa3+ Kh4 55. Ra4+ g4 56. Be6 1

[Event "Torneo Nuevo Centro. Jornada 8"]
[Site "Chess.com"]
[Date "2020.08.07"]
[Round "8"]
[White "Martínez Escandell, Alfonso"]
[Black "Birnoveanu, Petru"]
[Result "0-1"]
[WhiteElo "1823"]
[BlackElo "1692"]
[TimeControl "180+2"]
[EndTime "11:56:46 PDT"]
[Termination "Victoria de piculet por abandono"]

1. e4 Nc6 2. d4 e5 3. d5 Nce7 4.
c4 Ng6 5. Nc3 Bb4 6. Bd2 Bxc3 7.
Bxc3 d6 8. Nf3 a5 9. a3 b6 10. Be2 N8e7 11. O-O f5 12. exf5 Bxf5 13. b4 axb4 14.
axb4 Rxa1 15. Qxa1 O-O 16. Qa7 Nf4 17. Qa2 Bg4 18. Bd1 Neg6 19. h3 Bxf3 20. Bxf3 Nxh3+ 21. gxh3 Rxf3 22. Kg2 Rxc3 23. c5 bxc5 24. bxc5 Rxc5 25. Rb1 Qg5+ 26. Kh2 h5 27. Qe2 Qf4+ 28. Kg1 Rc1+ 29. Rxc1 Qxc1+ 30. Kg2 Nf4+ 0

[Event "Torneo Nuevo Centro. Jornada 8"]
[Site "Chess.com"]
[Date "2020.08.07"]
[Round "8"]
[White "Bascuñana Sánchez, Pablo"]
[Black "Zamora Soler, Raul"]
[Result "1-0"]
[WhiteElo "1671"]
[BlackElo "1860"]
[TimeControl "180+2"]
[EndTime "11:57:02 PDT"]
[Termination "Victoria de Pabasan2010 por jaque mate"]

1. e4 e6 2. Nf3 c5 3. d4 cxd4 4. Nxd4 Nc6 5. Nxc6 bxc6 6. Be3 d5 7. exd5 cxd5 8.
Bb5+ Bd7 9. Bxd7+ Qxd7 10. a3 Nf6 11. O-O Be7 12. Nc3 O-O 13. Re1 Rfc8 14. Bg5 Rab8 15. Rb1 h6 16. Bxf6 Bxf6 17. Ne4 Bxb2 18. Ng3 Bxa3 19.
Rxb8 Rxb8 20. Qf3 Bc5 21. Nh5 e5 22. Qg3 Kf8 23. Qxg7+ Ke7 24. Qf6+ Ke8 25. Rxe5+ Be7 26. Qh8# 1

[Event "Torneo Nuevo Centro. Jornada 8"]
[Site "Chess.com"]
[Date "2020.08.07"]
[Round "8"]
[White "Blanco Solaz, Ramón"]
[Black "Casado Andreu, David"]
[Result "1-0"]
[WhiteElo "1956"]
[BlackElo "1751"]
[TimeControl "180+2"]
[EndTime "11:58:29 PDT"]
[Termination "Victoria de Rbs77 por abandono"]

1. e4 e5 2. f4 d5 3. exd5 c6 4. dxc6 Nxc6 5. Bb5 exf4 6. Qe2+ Be6 7. Nf3 Nf6 8. O-O Qb6+ 9. Kh1 Bc5 10. d4 Bd6 11. c4 O-O 12. c5 Bxc5 13. dxc5 Qxc5 14. Bxc6 bxc6 15. Bxf4 Bc4 16. Qc2 Qd5 17. Rd1 Qe6 18.
Ng5 Qg4 19. Qf2 Qxd1+ 20. Qg1 Rad8 21. Nc3 Qg4 22. Be3 Rfe8 23. h3 Qf5 24. Nf3 Ne4 25. Nxe4 Qxe4 26. Bxa7 Rd3 27. b3 Bb5 28. a4 Ba6 29.
Re1 Qb4 30. Rxe8+ 1

[Event "Torneo Nuevo Centro. Jornada 8"]
[Site "Chess.com"]
[Date "2020.08.07"]
[Round "8"]
[White "Gukasov, Artem"]
[Black "Hernández Tomás, Efrén"]
[Result "1-0"]
[WhiteElo "1553"]
[BlackElo "1077"]
[TimeControl "180+2"]
[EndTime "11:59:12 PDT"]
[Termination "Victoria de ArtemGukasov por jaque mate"]

1. e4 e5 2. Nf3 Nf6 3. Nxe5 Qe7 4. Nf3 Qxe4+ 5. Be2 Be7 6. Nc3 Qe6 7. d4 O-O 8.
Be3 d5 9. O-O Nc6 10. a3 Ne4 11. Nxd5 Qxd5 12. c4 Qd7 13. d5 Na5 14. Qc2 Nf6 15.
b4 Nxc4 16. Qxc4 Nxd5 17. Rad1 c6 18. Bd3 Qe6 19. Rfe1 Nxe3 20. Rxe3 Qxc4 21. Bxc4 Bf6 22. h3 b5 23. Bb3 a6 24. Rd6 Bb7 25. Rd7 Bc8 26. Rc7 Bb2 27. Rxc6 Bxa3 28. Rc7 Bxb4 29.
Re2 Ba5 30. Rxf7 Rxf7 31. Re8# 1

[Event "Torneo Nuevo Centro. Jornada 8"]
[Site "Chess.com"]
[Date "2020.08.07"]
[Round "8"]
[White "Aymerich Rosell, Pablo"]
[Black "Montesinos Diaz, Luis"]
[Result "1-0"]
[WhiteElo "1966"]
[BlackElo "1863"]
[TimeControl "180+2"]
[EndTime "12:00:07 PDT"]
[Termination "Victoria de jasikevic por tiempo"]

1. e4 c6 2. d4 d5 3. e5 c5 4. dxc5 e6 5. a3 Bxc5 6. Bd3 Nc6 7. Nf3 Nge7 8. O-O Ng6 9. b4 Bb6 10. Bb2 Bc7 11. Re1 O-O 12. Nbd2 b6 13. c4 Bb7 14.
cxd5 Qxd5 15. Be4 Qd7 16. Nc4 Rad8 17. Qc2 b5 18. Rad1 Qe7 19. Nd6 Bxd6 20. Bxc6 Bb8 21.
Bxb7 Qxb7 22. Ng5 Rxd1 23. Rxd1 Rc8 24. Qd3 h6 25. Nf3 Nf4 26. Qd7 Qxd7 27. Rxd7 Nd5 28. g3 Kf8 29. Rb7 a6 30. Bd4 Ke8 31. Bc5 Nc7 32. Bd6 Kd8 33. Nd4 1

[Event "Torneo Nuevo Centro. Jornada 8"]
[Site "Chess.com"]
[Date "2020.08.07"]
[Round "8"]
[White "Kovacevic, Slobodan"]
[Black "Gimenez Saiz, Jose Raul"]
[Result "1-0"]
[WhiteElo "2216"]
[BlackElo "1746"]
[TimeControl "180+2"]
[EndTime "12:00:17 PDT"]
[Termination "Victoria de nikko110 por abandono"]

1. d4 d6 2. Nf3 Nd7 3. Bf4 g6 4. c3 Bg7 5. e4 e6 6. h3 e5 7. dxe5 Ne7 8. exd6 cxd6 9. Bxd6 O-O 10. Be2 Re8 11. O-O Nc6 12. Qc2 Nde5 13. Bxe5 Nxe5 14. Nbd2 Qb6 15. Nxe5 Rxe5 16. Nc4 Qc5 17. Nxe5 Qxe5 18. Rad1 Qg5 19. f4 Qe7 20. Kh1 Be6 21. a3 Rc8 22. f5 gxf5 23. exf5 Bc4 24. Bxc4 Rxc4 25. Qf2 Qg5 26. f6 Bf8 27. Rd8 h5 28. Qe2 Rh4 29. Rxf8+ Kxf8 30. Qe7+ Kg8 31. Qe8+ Kh7 32. Qxf7+ Kh8 33.
Qe8+ Kh7 34. Qd7+ Kh6 35. f7 Rxh3+ 36. Qxh3 1

[Event "Torneo Nuevo Centro. Jornada 8"]
[Site "Chess.com"]
[Date "2020.08.07"]
[Round "8"]
[White "Grigorev, Artur "]
[Black "Fente Fernandez, Jose Ignacio"]
[Result "0-1"]
[WhiteElo "979"]
[BlackElo "1461"]
[TimeControl "180+2"]
[EndTime "12:01:09 PDT"]
[Termination "Victoria de SrFente por jaque mate"]

1. e4 e5 2. Nf3 Nc6 3. Bc4 Bc5 4. b4 Bxb4 5. c3 Ba5 6. d4 exd4 7.
O-O Bxc3 8. Nxc3 dxc3 9. Ng5 Ne5 10. Qd4 f6 11. Nf3 Nxc4 12. Qxc4 Ne7 13. Qxc3 d6 14.
Qb3 d5 15. Rd1 Be6 16. Nd4 O-O 17. Nxe6 Qd6 18. Nxf8 Rxf8 19. exd5 Qe5 20. d6+ Kh8 21.
d7 Rd8 22. Ba3 Nc6 23. Qxb7 Nd4 24. Bb2 Ne2+ 25. Kf1 Qh5 26. h3 Qf7 27. Qc8 Qe7 28. Qxc7 Nf4 29. Rd4 Ne6 30. Rd6 Nxc7 31. Rad1 Nb5 32.
Bd4 Nxd6 33. Bc5 Rxd7 34. Bxd6 Rxd6 35. Rxd6 Qxd6 36. Kg1 Qd2 37. Kh2 Qxa2 38. Kg3 Qe2 39. f3 a5 40. Kf4 a4 41. Kf5 Qe5+ 42. Kg4 h5+ 43. Kh4 Qg5# 0

[Event "Torneo Nuevo Centro. Jornada 8"]
[Site "Chess.com"]
[Date "2020.08.07"]
[Round "8"]
[White "Perrot, Fabien "]
[Black "Fitzpatrick Dimas, Kevin"]
[Result "1-0"]
[WhiteElo "1020"]
[BlackElo "886"]
[TimeControl "180+2"]
[EndTime "12:01:46 PDT"]
[Termination "Victoria de InspiredMinds por abandono"]

1. d4 d5 2. Nf3 Nc6 3. c4 dxc4 4. d5 Nb4 5. Qa4+ Bd7 6. Qxb4 e6 7. Qxb7 Bc5 8. dxe6 Rb8 9. exd7+ Kxd7 10.
Qd5+ Bd6 11. Qxf7+ Ne7 12. Qxg7 c6 13. Bg5 Rg8 14.
Bxe7 Bxe7 15. Qxh7 Qf8 16. Ne5+ Kd8 17. Nxc6+ Ke8 18.
Nxe7 Rg7 19. Qe4 Rxe7 20. Qc6+ Kd8 21. e3 Rc8 22. Qd5+ Rd7 23. Qa5+ Rcc7 24. Bd3 Rd5 25. Bxc4 Rxa5 26. O-O Rxc4 27. Nc3 Qb4 28. Rfd1+ Kc7 29. Rd2 Kc6 30. Rad1 Kb7 31. Rd7+ Rc7 32. R7d3 Qxb2 33.
R3d2 Qxc3 34. Kf1 Qc4+ 35. Ke1 Rxa2 36. Rxa2 Qxa2 37. Rd2 Rc1+ 38. Ke2 Qc4+ 39. Kf3 Qf7+ 40. Ke2 Qh5+ 41. f3 Qb5+ 42. Kf2 Qf1+ 43. Kg3 Qe1+ 44.
Rf2 Qd2 45. Rxd2 Rc3 46. Kf2 Rc4 47. Rb2+ Ka8 48. Re2 Rh4 49. h3 a5 50. Ra2 a4 51.
g3 Rb4 52. h4 Ka7 53. Ke2 Ka6 54. Kd3 Ka5 55. Kc3 Kb5 56. Kd2 Rb3 57. Kc2 Kb4 58. Rb2 1

[Event "Torneo Nuevo Centro. Jornada 8"]
[Site "Chess.com"]
[Date "2020.08.07"]
[Round "8"]
[White "Pedros Viudes, Santiago"]
[Black "Lloret Ramis, Juan José"]
[Result "0-1"]
[WhiteElo "1914"]
[BlackElo "1999"]
[TimeControl "180+2"]
[EndTime "12:01:47 PDT"]
[Termination "Victoria de Amiplim por abandono"]

1. d4 d5 2. Nf3 e6 3. Bf4 Nf6 4. e3 Bd6 5. Bg3 c5 6. c3 Qc7 7. Ne5 Nbd7 8. f4 Ne4 9. Nd2 O-O 10. Bd3 f5 11. Bh4 g5 12. Bxe4 gxh4 13. Bd3 Nxe5 14.
fxe5 Be7 15. Qh5 Bd7 16. Nf3 Be8 17. Qh6 Bg6 18. Nxh4 Bxh4+ 19. Qxh4 cxd4 20. exd4 Qb6 21. O-O-O Rac8 22. Kb1 a5 23. g4 a4 24. gxf5 a3 25. Rd2 exf5 26. Ka1 axb2+ 27. Rxb2 Qa5 28. Rg1 Rxc3 29.
Bb1 Rc6 30. Rxb7 Qc3+ 31. Rb2 Rb6 32. Qf2 Rfb8 33. Rg2 Rxb2 34. Qxb2 Rxb2 35. Rxb2 Qxd4 36. a3 Qxe5 37. Ka2 f4 38. a4 f3 39. a5 Qc3 40.
Bxg6 Qxa5+ 41. Kb1 hxg6 42. Rf2 Qb6+ 0

[Event "Torneo Nuevo Centro. Jornada 8"]
[Site "Chess.com"]
[Date "2020.08.07"]
[Round "8"]
[White "Rabbani Perez, Oumaima "]
[Black "Vicent Lázaro, Elena"]
[Result "1-0"]
[WhiteElo "620"]
[BlackElo "643"]
[TimeControl "180+2"]
[EndTime "12:01:59 PDT"]
[Termination "Victoria de OumaimaMaria por tiempo"]

1. e3 e6 2. Bd3 c5 3. b3 Nc6 4.
Nf3 Bd6 5. Bb2 Bb8 6. Bxg7 Qc7 7. Bxh8 Nh6 8. Be5 Nxe5 9. Nxe5 Qxe5 10. Nc3 f5 11. f4 Qg7 12. Bb5 Qxg2 13. Rf1 Qxh2 14.
Na4 b6 15. Nxb6 Bb7 16. Nxa8 Bxa8 17. Qe2 Qg2 18. Qxg2 Bxg2 19. Rf2 Bc6 20. d4 cxd4 21. Bxc6 dxc6 22. exd4 Ng4 23. Re2 Nf6 24. Rxe6+ Kf7 25. Rxc6 Nd5 26. Rc8 Bxf4 27. Ra8 Nc3 28. Rxa7+ Kg6 29.
Ra6+ Kg5 30. Ra7 h5 31. Kf2 h4 32. b4 Ne4+ 33. Kf3 h3 34. b5 h2 35. b6 Nd2+ 36. Kf2 h1=Q 37. Rxh1 Ne4+ 38. Ke1 Ng3 39. Rg1 Be3 40.
Rxg3+ Kf4 41. Rg8 Bxd4 42. Ra6 Kf3 43. b7 Be5 44. c4 Bc3+ 45. Kd1 1

[Event "Torneo Nuevo Centro. Jornada 8"]
[Site "Chess.com"]
[Date "2020.08.07"]
[Round "8"]
[White "Gutierrez Marco, Dario"]
[Black "Castellano López, Javier"]
[Result "0-1"]
[WhiteElo "1816"]
[BlackElo "1911"]
[TimeControl "180+2"]
[EndTime "12:02:26 PDT"]
[Termination "Victoria de its_xavi_official por abandono"]

1. e4 c6 2. d4 d5 3. e5 Bf5 4. h4 h5 5. Bd3 Bxd3 6. Qxd3 e6 7. Bg5 Qa5+ 8. Nd2 Qa6 9. c4 Be7 10. Ngf3 Bxg5 11. Nxg5 Ne7 12. O-O Nd7 13. b3 Nf5 14. Ndf3 Rd8 15. Rfd1 Nb6 16. c5 Qxd3 17. Rxd3 Na8 18.
a4 Nc7 19. b4 a6 20. Rb1 Ke7 21. g3 f6 22. exf6+ gxf6 23. Nh3 Rdg8 24. Nf4 Kf7 25.
Re1 Rg4 26. Kf1 Rgg8 27. Rde3 Nxe3+ 28. Rxe3 Rh6 29. Ke2 Re8 30. Kd3 a5 31. Kc3 axb4+ 32. Kxb4 Ra8 33. Re1 Na6+ 34. Kb3 Nxc5+ 35. dxc5 e5 36.
Nd3 e4 37. Nd4 exd3 38. Nf5 Rhh8 39. Nd6+ Kg6 40. Rd1 Rh7 41. Rxd3 Re7 42. Rf3 Ra7 43. Kb4 Re6 44. a5 Re7 45. Nc8 Re4+ 46. Kb3 Ra8 47. Nd6 Re1 48. Kb4 Rb1+ 49. Kc3 Rxa5 50. Kc2 Rba1 51. Ne8 R5a2+ 52. Kd3 Ra3+ 53. Ke2 R1a2+ 0

[Event "Torneo Nuevo Centro. Jornada 8"]
[Site "Chess.com"]
[Date "2020.08.07"]
[Round "8"]
[White "Serrano Requena, Guillem"]
[Black "Chofre Murcia, Adrián"]
[Result "0-1"]
[WhiteElo "1314"]
[BlackElo "1681"]
[TimeControl "180+2"]
[EndTime "12:02:30 PDT"]
[Termination "Victoria de Kelorian por jaque mate"]

1. d4 f5 2. Bg5 h6 3. Bf4 Nf6 4. c4 e6 5. Nf3 d6 6. h3 Nc6 7. e3 Bd7 8. Nc3 Be7 9. a3 Ne4 10.
Bd3 Nxc3 11. bxc3 Bf6 12. Nh4 Bxh4 13. Qh5+ Kf8 14. d5 Be8 15. Qf3 e5 16. Bxe5 Nxe5 17.
Qxf5+ Bf6 18. Be4 Bg6 19. Qf4 Bxe4 20. Qxe4 Qe7 21. O-O Re8 22. Rae1 Kf7 23. f4 Ng6 24. Qf3 Rhf8 25. Qh5 Qe4 26. f5 Kg8 27. Qxg6 Qxc4 28. Rf4 Qxc3 29. Re2 Qc1+ 30. Kh2 Rxe3 31. Ref2 Re1 32.
Rg4 Rh1+ 33. Kg3 Qe3+ 34. Rf3 Be5+ 35. Kh4 Qe1+ 36. Rfg3 Bxg3+ 37. Rxg3 Qe5 38. Rg4 Qf6+ 39. Kg3 Qxg6 40. fxg6 Rf6 41. Kh4 Re1 42. Kh5 Re5+ 43.
Kh4 Rxd5 44. Re4 Kf8 45. Rg4 Rdf5 46. Kg3 h5 47. Re4 Re5 48. Rc4 Rxg6+ 49. Kh2 c6 50. Rc2 Reg5 51. g4 hxg4 52. hxg4 Rxg4 53. Rf2+ Rf6 54.
Re2 Rh6# 0

[Event "Torneo Nuevo Centro. Jornada 8"]
[Site "Chess.com"]
[Date "2020.08.07"]
[Round "8"]
[White "Yuste Valenzuela, Alejandro"]
[Black "Roca Cruz, Rafael"]
[Result "1-0"]
[WhiteElo "1868"]
[BlackElo "1787"]
[TimeControl "180+2"]
[EndTime "12:02:53 PDT"]
[Termination "Victoria de alejandrito290 por abandono"]

1. e4 c5 2. Nf3 e6 3. d4 cxd4 4.
Nxd4 Nf6 5. Nc3 Bb4 6. Bd3 d5 7.
exd5 Nxd5 8. Bd2 Nxc3 9. Bxc3 Bxc3+ 10. bxc3 O-O 11. O-O a6 12. Qf3 Nd7 13. Qg3 Qa5 14.
Rad1 Nf6 15. Nb3 Qa4 16. h3 b6 17. Rfe1 Bb7 18. f4 Rac8 19. Re5 Qc6 20. Rg5 g6 21. h4 Nh5 22. Rxh5 Qxg2+ 23. Qxg2 Bxg2 24. Kxg2 gxh5 25. c4 Rfd8 26. Rg1 Kf8 27. Kf3 a5 28. Rg5 a4 29.
Nd2 Rc5 30. Rxc5 bxc5 31. Ne4 Rb8 32. Nxc5 Rb2 33. a3 Ra2 34. Nxa4 Rxa3 35. Nc5 Ra1 36. Ne4 Ke7 37. Ng5 Rh1 38. Kg3 Rg1+ 39. Kh2 Rg4 40.
Kh3 Rxf4 41. Nxh7 f6 42. Kg3 Rd4 43. Kh3 Kf7 44. Kg3 Kg7 45. Kh3 Kf7 46. Kg3 Kg7 47. Kh3 Rf4 48. Kg3 Rxc4 49. Bxc4 Kxh7 50. Bxe6 1

[Event "Torneo Nuevo Centro. Jornada 8"]
[Site "Chess.com"]
[Date "2020.08.07"]
[Round "8"]
[White "Pardo Ruiz, Carlos"]
[Black "Bercaru, Vlad Ionut"]
[Result "1-0"]
[WhiteElo "1696"]
[BlackElo "1809"]
[TimeControl "180+2"]
[EndTime "12:03:34 PDT"]
[Termination "Victoria de Carlitoscarlsen por tiempo"]

1. e4 c5 2. Nf3 Nc6 3. d4 cxd4 4. Nxd4 Nf6 5. Nc3 e5 6. Ndb5 d6 7. Nd5 Nxd5 8. exd5 Ne7 9. c4 Ng6 10. Be2 Bd7 11.
Nc3 Be7 12. O-O O-O 13. Kh1 f5 14. Be3 f4 15. Bd2 Bf5 16. f3 Bh4 17. Ne4 Ne7 18. Bb4 Bxe4 19. fxe4 a5 20. Bd2 Rf6 21. Bg4 Kh8 22. Be1 Bxe1 23. Qxe1 Rg6 24. Bh3 Qc7 25. b3 Rh6 26. Rc1 Qc5 27. Qf2 b6 28. Qxc5 bxc5 29. Bd7 Ra7 30. Be6 Ng8 31. g3 Rf6 32. gxf4 exf4 33. Rf3 Ne7 34. Rcf1 Ng6 35. Bf5 Raf7 36.
Bxg6 hxg6 37. Rh3+ Kg8 38. Kg2 g5 39. Kf3 Rh6 40. Rxh6 gxh6 41. h3 Re7 42. Re1 Kg7 43. Kg4 Kg6 44. Kf3 Re5 45. Rg1 Re7 46. Re1 h5 47.
Rg1 Kf6 48. Rg2 Rg7 49. Re2 Ke5 50. Rd2 g4+ 51. hxg4 hxg4+ 52. Kf2 Kxe4 53. Re2+ Kf5 54. Re6 g3+ 55. Kg2 Kg4 56. Rxd6 f3+ 57. Kg1 g2 58.
Kf2 Kf4 59. Rf6+ Ke4 60. Re6+ Kd4 61. Kg1 Rf7 62. d6 Kd3 63. Kf2 Kd4 64. Re7 Rf8 65. d7 Rd8 66. Rg7 1

[Event "Torneo Nuevo Centro. Jornada 8"]
[Site "Chess.com"]
[Date "2020.08.07"]
[Round "9"]
[White "Hernández Tomás, Efrén"]
[Black "Conejero Martínez, Víctor"]
[Result "0-1"]
[WhiteElo "1074"]
[BlackElo "1370"]
[TimeControl "180+2"]
[EndTime "12:07:04 PDT"]
[Termination "Victoria de Camelocota20 por abandono"]

1. e4 c5 2. Nf3 Nc6 3. Bc4 e6 4. d3 d5 5. exd5 exd5 6. Qe2+ Be6 7. Bb5 Nf6 8. Bxc6+ bxc6 9. d4 Bd6 10. dxc5 Bxc5 11. O-O O-O 12. Ng5 Ng4 13. Nxe6 Qe8 14. Nc7 Qxe2 15.
Nxa8 Nxf2 0